 Dungeon Crawl Stone Soup version 0.30-a0-778-g2ef04afb54 (webtiles) character file.

Game seed: 9977367452596789723

1824 funkygono the Cudgeller (level 9, 0/68 HPs)
             Began as a Formicid Fighter on Feb 16, 2023.
             Was an Initiate of Okawaru.
             Slain by a sixfirhy (9 damage)
             ... on level 7 of the Dungeon.
             The game lasted 00:09:32 (6730 turns).

funkygono the Cudgeller (Formicid Fighter)          Turns: 6730, Time: 00:09:33

Health: 0/68       AC: 13    Str: 27    XL:     9   Next: 32%
Magic:  3/3        EV: 12    Int: 15    God:    Okawaru [......]
Gold:   372        SH:  5    Dex: 13    Spells: 8/8 levels left

rFire   . . .      SeeInvis +    e - +3 whip (antimagic)
rCold   . . .      Faith    .    c - +0 buckler
rNeg    . . .      Spirit   .    r - +1 acid dragon scales
rPois   .          Reflect  .    (helmet unavailable)
rElec   .          Harm     .    f - +1 cloak of the Realm of Zot {Str+3}
rCorr   +          Rampage  .    t - +0 pair of gloves
Will    .....                    k - +0 pair of boots
Stlth   ++                       (no amulet)
HPRegen 0.31/turn                y - +6 ring of intelligence
MPRegen 0.08/turn                (no ring)

@: no status effects
A: permanent stasis, dig shafts and tunnels, antennae 3, four strong arms
a: Dig, Shaft Self, Renounce Religion


You were on level 7 of the Dungeon.
You worshipped Okawaru.
Okawaru was noncommittal.
You visited 2 branches of the dungeon, and saw 8 of its levels.

You collected 372 gold pieces.

Inventory:

Hand Weapons
 a - a +0 flail
 e - a +3 antimagic whip (weapon)
 j - a +0 morningstar of protection
Armour
 b - a +0 scale mail
 c - a +0 buckler (worn)
 f - the +1 cloak of the Realm of Zot (worn) {Str+3}
   (You acquired it on level 3 of the Dungeon)

   Str:       It affects your strength (+3).
 k - a +0 pair of boots (worn)
 p - the +1 ring mail of Ignis's Grace {Contam rElec rC++ Stlth+}
   (You found it on level 5 of the Dungeon)

   rC:        It greatly protects you from cold.
   rElec:     It insulates you from electricity.
   Contam:    It causes magical contamination when unequipped.
   Stlth:     It makes you more stealthy.
 r - +1 acid dragon scales (worn)
 t - a +0 pair of gloves (worn)
Jewellery
 y - a +6 ring of intelligence (left hand)
Wands
 g - a wand of flame (34)
 u - a wand of polymorph (12)
Scrolls
 h - 4 scrolls of teleportation
 v - 5 scrolls of identify
 w - a scroll of magic mapping
 x - a scroll of immolation {unknown}
 z - a scroll of fog {unknown}
Potions
 d - 3 potions of might
 i - 5 potions of heal wounds
 l - 2 potions of ambrosia {unknown}
 m - 2 potions of curing
 n - a potion of lignification
 o - 2 potions of attraction
 q - a potion of brilliance {unknown}
 s - 2 potions of haste {unknown}


   Skills:
 + Level 5.5 Fighting
 + Level 7.8 Maces & Flails
 + Level 5.3 Armour
 + Level 3.4 Dodging
 + Level 3.2 Stealth
 + Level 6.8 Shields
 + Level 0.3 Unarmed Combat


You had 8 spell levels left.
You didn't know any spells.
Your spell library contained the following spells:

 Spells                   Type           Power      Damage    Failure   Level
 Ignite Poison            Fire/Tmut/Pois 0%         N/A       75%         3
 Kindle Blastsparks       Fire/Tloc/Air  0%         2d10      75%         3
 Portal Projectile        Hex/Tloc       0%         N/A       75%         3
 Anguish                  Hex/Necr       0%         N/A       98%         4
 Leda's Liquefaction      Hex/Erth       0%         N/A       98%         4
 Freezing Cloud           Conj/Ice/Air   0%         6-21      100%        5
 Enfeeble                 Hex            0%         N/A       100%        7
 Call Canine Familiar     Summ           Unusable   N/A       N/A         3

Dungeon Overview and Level Annotations

Branches:
Dungeon (7/15)             Temple (1/1) D:7

Altars:
Ashenzari
Cheibriados
Dithmenos
Elyvilon
Fedhas
Gozag
Hepliaklqana
Kikubaaqudgha
Makhleb
Nemelex Xobeh
Okawaru
Qazlal
Ru
Sif Muna
Trog
Uskayaw
Wu Jian
Xom
Yredelemnul
Zin
The Shining One

Shops:
D:2 !   D:3 :


Innate Abilities, Weirdness & Mutations

You cannot be hasted, slowed, berserked, paralysed or teleported.
You can dig through walls and to a lower floor.
You have a pair of large antennae on your head. (SInv)
Your four strong arms can wield two-handed weapons with a shield.


Message History

There is an iron altar of Okawaru here.
Could not explore, unopened runed door.
Press: ? - help, v - describe, . - travel The floor.
Unknown command.
You open the door. The sixfirhy hits you. The sixfirhy shocks you!
The sixfirhy hits you but does no damage.
The sixfirhy hits you. The sixfirhy shocks you!
There is an open translucent door here.
You hit the sixfirhy.
The sixfirhy is lightly wounded.
The sixfirhy hits you but does no damage. x2
You block the sixfirhy's attack.
You closely miss the sixfirhy.
The sixfirhy is lightly wounded.
The sixfirhy hits you but does no damage.
The sixfirhy misses you.
You miss the sixfirhy.
The sixfirhy is lightly wounded.
You hit the sixfirhy.
The sixfirhy is lightly wounded.
You barely miss the sixfirhy.
The sixfirhy is lightly wounded.
You miss the sixfirhy.
The sixfirhy is lightly wounded.
The sixfirhy hits you. The sixfirhy shocks you! The sixfirhy misses you.
The sixfirhy hits you but does no damage.
You hit the sixfirhy.
The sixfirhy is lightly wounded.
The sixfirhy hits you but does no damage.
The sixfirhy hits you. The sixfirhy shocks you!
* * * LOW HITPOINT WARNING * * *
The sixfirhy hits you but does no damage.
You completely miss the sixfirhy.
The sixfirhy is lightly wounded.
The sixfirhy hits you!
* * * LOW HITPOINT WARNING * * *
The sixfirhy shocks you!
You die...

.#####..###..####..###.#......>..
## ###..#..####....#.##.#P#...# #
#..##...#....>.###...##.## #
#.####..#.......#....#....
########..###..##.......##..##.##
#........#.....##.......###....##
#......##.#.#..###......##....###
#.#######.>##...................#
..# #.#.#...#@#.............##
..# #.###...#3#..##.........##
..# #.......###.###..........#
..## ##.####......###.......###.
#..# #.## #......##........##..
##.## #### ##............#...##.#
#..###..###.#.#......##.....#.##
##.##.##......#.......#.......##
###.#.###...#....................


You could see a sixfirhy.

Vanquished Creatures
  Grinder (D:3)
  Sigmund (D:2)
  A water moccasin (D:7)
  2 ogres (D:5)
  A phantom (D:5)
  A kobold brigand (D:6)
  A bullfrog (D:7)
  2 necrophages
  3 howler monkeys
  3 jellies
  6 hounds
  2 orc priests
  An orc wizard (D:6)
  4 iguanas
  Natasha (thrice) (D:3)
  11 adders
  2 shadow imps
  A white imp (D:5)
  2 ufetubi (D:5)
  4 dart slugs
  A worm (D:3)
  5 orcs
  2 ball pythons
  9 bats
  7 endoplasms
  A giant cockroach (D:1)
  10 hobgoblins
  8 kobolds
  4 quokkas
  A frilled lizard (D:1)
  5 goblins
  6 rats
111 creatures vanquished.

Vanquished Creatures (others)
  3 plants (D:7)
3 creatures vanquished.

Grand Total: 114 creatures vanquished

Notes
Turn   | Place    | Note
-------+----------+-------------------------------------------
     0 | D:1      | funkygono the Formicid Fighter began the quest for the Orb.
     0 | D:1      | Reached XP level 1. HP: 18/18 MP: 1/1
    30 | D:1      | Reached XP level 2. HP: 22/24 MP: 2/2
   263 | D:1      | Reached XP level 3. HP: 19/29 MP: 1/3
   741 | D:2      | Reached XP level 4. HP: 36/37 MP: 1/4
   771 | D:2      | Noticed Sigmund
   785 | D:2      | Killed Sigmund
   786 | D:2      | Reached skill level 4 in Maces & Flails
   786 | D:2      | Reached skill level 5 in Shields
   786 | D:2      | Reached XP level 5. HP: 40/42 MP: 1/5
   786 | D:2      | Reached XP level 6. HP: 46/48 MP: 2/6
   872 | D:2      | Found Duda's Distillery.
  1220 | D:3      | Noticed Natasha
  1230 | D:3      | Killed Natasha
  1231 | D:3      | Reached skill level 1 in Dodging
  1525 | D:3      | Noticed Natasha
  1531 | D:3      | Killed Natasha
  1974 | D:3      | Found Lemiuloa's Vocational Training.
  2058 | D:3      | Noticed Natasha
  2064 | D:3      | Killed Natasha
  2065 | D:3      | Reached XP level 7. HP: 54/54 MP: 2/7
  2187 | D:3      | Noticed Grinder
  2220 | D:3      | Killed Grinder
  2221 | D:3      | Reached skill level 5 in Maces & Flails
  2221 | D:3      | Reached skill level 1 in Stealth
  2493 | D:3      | Identified a scroll of acquirement
  2493 | D:3      | Acquired the +1 cloak of the Realm of Zot {Str+3}
  2777 | D:4      | Found a glowing silver altar of Zin.
  3359 | D:5      | Entered Level 5 of the Dungeon
  3398 | D:5      | Found an opulent altar of Gozag.
  3601 | D:5      | Reached XP level 8. HP: 61/61 MP: 2/8
  3620 | D:5      | Reached skill level 5 in Armour
  4006 | D:5      | Reached skill level 6 in Maces & Flails
  4096 | D:5      | Identified the +1 ring mail of Ignis's Grace {Contam rElec
                  | rC++ Stlth+}
  4801 | D:6      | Reached skill level 5 in Fighting
  4918 | D:6      | Reached skill level 7 in Maces & Flails
  5091 | D:6      | Reached XP level 9. HP: 63/68 MP: 3/9
  5637 | D:7      | Found a runed translucent door.
  5639 | D:7      | Noticed a sixfirhy
  5761 | D:7      | Found a staircase to the Ecumenical Temple.
  5894 | Temple   | Entered the Ecumenical Temple
  6249 | D:7      | Found a white marble altar of Elyvilon.
  6252 | D:7      | Found a shadowy altar of Dithmenos.
  6252 | D:7      | Found an ancient bone altar of Kikubaaqudgha.
  6253 | D:7      | Found an iron altar of Okawaru.
  6253 | D:7      | Found a hazy altar of Hepliaklqana.
  6253 | D:7      | Found a burning altar of Makhleb.
  6257 | D:7      | Became a worshipper of Warmaster Okawaru
  6730 | D:7      | Slain by a sixfirhy

Illustrated notes

Levels and vault maps discovered:
D:1:      minmay_arrival_radiant_lines, layout_basic
D:2:      layout_rooms, serial_shops, nicolae_shop_trees, uniq_sigmund
D:3:      mumra_celtic_spiral_tile, layout_loops_ring, nicolae_shop_vocational,
          uniq_grinder, uniq_natasha
D:4:      layout_basic, lemuel_doored_altar
D:5:      layout_loops_corners, general_overflow_altar
D:6:      layout_cave_pods, minmay_large_rounded_square, corexii_corridor_pit
D:7:      cheibrodos_shockbox, layout_layer_cave, grunt_temple_overflow_open,
          minmay_temple_entry_gardened_gates
Temple:   nicolae_temple_ecumenical_triangle

Skill      XL: |  1  2  3  4  5  6  7  8  9 |
---------------+----------------------------+-----
Fighting       | 4 5 |  5.5
Maces & Flails | 4 5 7 |  7.8
Armour         | 4 5 |  5.3
Shields        | 5 6 |  6.8
Dodging        | 1 2 3 |  3.4
Stealth        | 1 3 |  3.2
Unarmed Combat | |  0.3

Action                     |  1- 3 |  4- 6 |  7- 9 || total
---------------------------+-------+-------+-------++-------
  Melee: Flail             |    15 |       |       ||    15
         Whip              |    80 |   140 |   293 ||   513
         Unarmed           |       |     2 |       ||     2
    Use: Scroll            |       |       |    15 ||    15
   Stab: Sleeping          |       |       |     4 ||     4
 Armour: Scale mail        |    57 |    46 |       ||   103
         Acid dragon scale |       |     3 |    87 ||    90
  Dodge: Dodged            |    46 |    65 |   115 ||   226
  Block: Buckler           |    29 |    31 |    62 ||   122

Table legend: (Time is in decaauts)
 A = Elapsed time spent in this place.
 B = Non-inter-level travel time spent in this place.
 C = Inter-level travel time spent in this place.
 D = Time resting spent in this place.
 E = Time spent auto-exploring this place.
 F = Levels seen in this place.
 G = Mean time per level.
                   A        B        C        D        E       F      G
               +--------+--------+--------+--------+--------+-----+--------+
         Total |   6671 |   6466 |    205 |     98 |   5185 |   8 |  833.9 |
       Dungeon |   6622 |   6423 |    199 |     98 |   5167 |   7 |  946.0 |
        Temple |     48 |     43 |      5 |      0 |     18 |   1 |   48.0 |
               +--------+--------+--------+--------+--------+-----+--------+

Top non-repeatable levels by time:
     D:3: 1525 daAuts
     D:5: 1143 daAuts
     D:7: 1138 daAuts
     D:6: 992 daAuts
     D:4: 727 daAuts
     D:1: 664 daAuts
     D:2: 431 daAuts
  Temple: 48 daAuts
